 Dungeon Crawl Stone Soup version 0.29-a0-100-g60f898f876 (webtiles) character file.

Game seed: 7866930455819364633

30 drugrobin the Poker (level 2, 0/24 HPs)
             Began as a Demigod Warper on Feb 15, 2022.
             Succumbed to a goblin's poison
             ... on level 3 of the Dungeon.
             The game lasted 00:02:26 (965 turns).

drugrobin the Poker (Demigod Warper)                 Turns: 965, Time: 00:02:27

Health: 0/24       AC:  7    Str: 12    XL:     2   Next: 84%
Magic:  7/7        EV: 10    Int: 15    God:
Gold:   23         SH:  5    Dex: 13    Spells: 2/4 levels left

rFire   . . .      SeeInvis .   a - +0 spear
rCold   . . .      Faith    .   (no shield)
rNeg    . . .      Spirit   .   m - +0 ring mail
rPois   .          Reflect  +   f - +0 helmet
rElec   .          Harm     .   (no cloak)
rCorr   .          Rampage  .   (no gloves)
Will    .....                   j - +0 pair of boots
Stlth   +.........              o - amulet of reflection
HPRegen 0.08/turn               (no ring)
MPRegen 0.10/turn               (no ring)

@: lethally poisoned (0 -> -16)
A: high MP 1, forlorn, divine attributes
a: no special abilities


You were on level 3 of the Dungeon.
You visited 1 branch of the dungeon, and saw 3 of its levels.

You collected 23 gold pieces.

Inventory:

Hand Weapons
 a - a +0 spear (weapon)
Missiles
 d - 5 boomerangs of dispersal
 e - 123 stones (quivered)
Armour
 b - a +0 leather armour
 f - a +0 helmet (worn)
 j - a +0 pair of boots (worn)
 m - a +0 ring mail (worn)
Jewellery
 o - an amulet of reflection (around neck)
Scrolls
 c - a scroll of blinking
 h - a scroll of identify {unknown}
 i - a scroll of enchant armour {unknown}
 k - 2 scrolls of teleportation {unknown}
Potions
 g - a potion of invisibility {unknown}
 l - 2 potions of curing {unknown}
 n - a potion of haste {unknown}
 p - a potion of ambrosia {unknown}


   Skills:
 - Level 1.8 Fighting
 + Level 3.2 Polearms
 - Level 0.8 Throwing
 - Level 0.8 Armour
 - Level 1.7 Dodging
 - Level 1.7 Spellcasting
 - Level 2.6 Translocations


You had 2 spell levels left.
You knew the following spells:

 Your Spells              Type           Power      Damage    Failure   Level
a - Blink                 Tloc           18%        N/A       26%         2

Your spell library contained the following spells:

 Spells                   Type           Power      Damage    Failure   Level
 Gell's Gravitas          Tloc           9%         N/A       45%         3
 Lesser Beckoning         Tloc           9%         N/A       45%         3
 Teleport Other           Tloc           9%         N/A       45%         3
 Ozocubu's Armour         Ice            1%         N/A       83%         3
 Manifold Assault         Tloc           9%         N/A       99%         5
 Ozocubu's Refrigeration  Ice            0%         4d5       100%        7


Dungeon Overview and Level Annotations

Branches:
Dungeon (3/15)


Innate Abilities, Weirdness & Mutations

You have an increased reservoir of magic. (+10% MP)
You shall have no god before yourself.
Your divine heritage dramatically boosts your attributes as you level up.


Message History

You hit the endoplasm.
The endoplasm is almost dead.
The endoplasm hits you.
You barely miss the endoplasm.
The endoplasm is almost dead.
The endoplasm freezes you.
You are frozen.
The goblin hits you with a +0 dagger of venom.
You hit the endoplasm but do no damage.
The endoplasm is almost dead.
The endoplasm barely misses you.
You hit the endoplasm.
You kill the endoplasm!
The goblin barely misses you.
You block the goblin's attack. 2 goblins come into view.
Found a stone staircase leading down.
The goblin shouts! x2
A hobgoblin comes into view.
The goblin hits you but does no damage.
You are poisoned.
The goblin hits you but does no damage.
You feel sick.
You feel sick.
You feel sick.
You feel sick.
There is a stone staircase leading down here.
You feel sick. The goblin hits you but does no damage.
You are lethally poisoned!
You climb downwards.
You feel sick.
The hobgoblin shouts!
The adder hisses angrily.
There is a stone staircase leading up here.
Unknown command.
Unknown command.
You feel sick.
* * * LOW HITPOINT WARNING * * *
You feel sick.
The goblin hits you with a +0 dagger of venom.
* * * LOW HITPOINT WARNING * * *
You are more poisoned.
You die...

#########
#.......#
#.......#
#.......###.#.
#..........S.r
#.....<.#
#.....g.#
#.....g.#
#.#..##@# #
#.# #.# #. #.#
# #.# ..# ###


You could see a hobgoblin and a goblin.

Vanquished Creatures
  A dart slug (D:1)
  An endoplasm (D:2)
  A giant cockroach (D:1)
  2 goblins (D:1)
  A hobgoblin (D:1)
  4 jackals (D:1)
  6 ball pythons (D:1)
  3 bats (D:1)
  2 frilled lizards (D:1)
  5 kobolds (D:1)
  2 rats (D:1)
28 creatures vanquished.

Notes
Turn   | Place    | Note
-------+----------+-------------------------------------------
     0 | D:1      | drugrobin the Demigod Warper began the quest for the Orb.
     0 | D:1      | Reached XP level 1. HP: 17/17 MP: 5/5
    77 | D:1      | Reached skill level 2 in Polearms
   356 | D:1      | Reached XP level 2. HP: 18/24 MP: 7/7
   498 | D:1      | Learned a level 2 spell: Blink
   683 | D:1      | Reached skill level 3 in Polearms
   965 | D:3      | Succumbed to a goblin's poison

Illustrated notes

Levels and vault maps discovered:
D:1:      lemuel_arrival_hallway, layout_loops_ring, minmay_misc_feat_enclosed
D:2:      layout_loops_ring, chequers_ecumenical_altar_simple, basic_altar,
          uniq_robin
D:3:      minmay_wonky_spiral, layout_loops_corners,
          mainiacjoe_overflow_cross_hatched, uniq_jessica

Skill      XL: |  1  2 |
---------------+-------+-----
Polearms       | 2 3 |  3.2
Fighting       | |  1.8
Throwing       | |  0.8
Armour         | |  0.8
Dodging        | |  1.7
Spellcasting   | |  1.7
Translocations | |  2.6

Action                   || total
-------------------------++-------
Melee: Spear             ||   112
       Punch             ||     1
Armor: Leather armour    ||    20
       Ring mail         ||    26
Dodge: Dodged            ||    48
Block: Other             ||     3

Table legend: (Time is in decaauts)
 A = Elapsed time spent in this place.
 B = Non-inter-level travel time spent in this place.
 C = Inter-level travel time spent in this place.
 D = Time resting spent in this place.
 E = Time spent auto-exploring this place.
 F = Levels seen in this place.
 G = Mean time per level.
                   A        B        C        D        E       F      G
               +--------+--------+--------+--------+--------+-----+--------+
         Total |    961 |    961 |      0 |    148 |    452 |   3 |  320.3 |
       Dungeon |    961 |    961 |      0 |    148 |    452 |   3 |  320.3 |
               +--------+--------+--------+--------+--------+-----+--------+

Top non-repeatable levels by time:
     D:1: 929 daAuts
     D:2: 29 daAuts
     D:3: 2 daAuts
